AoeStats
← sjarobinson1

Arabia

503994106Analyzed
1v1 RM · 28d ago on Sep 3, 2026· 81m 3s· 2 players
Game mode
Random Map
Map size
Tiny (2 player)
Population
200
Speed
Normal
Resources
Standard
Victory
Conquest
Starting age
Dark Age
Ending age
Imperial Age
RankedLock teamsTeams togetherTeam positionsShared explorationLock speedFull tech treeHidden civsTurbo modeCheats
Victory
Defeat
🇮🇱 Huns · Israel
751
+17
🇦🇺 Magyars · Australia
765
-39
gilsh
12:34 Feudal Age
16:54 Castle Age
15:31 Wheelbarrow
14:50 Double-Bit Axe
18:25 Loom
19:19 Wheelbarrow
24:50 Horse Collar
25:52 Squires
26:16 Pikeman
30:48 Heavy Plow
30:52 Gold Mining
32:04 Bow Saw
35:04 Hand Cart
35:15 Marauders
38:01 Arson
38:08 Fletching
38:19 Padded Archer Armor
38:24 Scale Barding Armor
39:50 Gold Shaft Mining
45:59 Imperial Age
44:01 Thumb Ring
45:00 Husbandry
45:11 Bloodlines
45:39 Stone Mining
46:31 Scale Mail Armor
46:42 Forging
46:28 Bodkin Arrow
46:33 Halberdier
55:27 Two-Man Saw
54:50 Town Watch
56:59 Elite Tarkan
58:00 Conscription
58:18 Iron Casting
61:26 Chemistry
60:22 Murder Holes
60:48 Ballistics
60:38 Masonry
61:47 Town Patrol
61:23 Elite Skirmisher
65:11 Capped Ram
68:51 Guilds
sjarobinson1
4:20 Loom
5:42 Loom
11:37 Feudal Age
16:12 Double-Bit Axe
19:08 Wheelbarrow
21:02 Bloodlines
21:11 Scale Barding Armor
23:37 Castle Age
24:20 Light Cavalry
30:47 Stone Mining
33:38 Scale Barding Armor
36:09 Chain Barding Armor
40:01 Imperial Age
37:57 Fletching
39:02 Husbandry
39:13 Bloodlines
39:26 Gold Mining
39:53 Hand Cart
39:24 Town Watch
40:51 Cavalier
43:12 Corvinian Army
42:51 Crossbowman
46:58 Plate Barding Armor
51:20 Fletching
50:59 Pikeman
53:38 Murder Holes
53:50 Bodkin Arrow
55:41 Arbalester
57:28 Ballistics
61:43 Chemistry
60:59 Thumb Ring
61:12 Bracer
Connection lost

Rejoining the realm…

Still unreachable

The connection could not be restored.

Session expired

The server has moved on; the page needs a fresh start.